 Dungeon Crawl Stone Soup version 0.29.1-1-gd02db6906a (webtiles) character file.

Game seed: 10582176836708891973

66 TemplarDane the Covered (level 4, 0/35 HPs)
             Began as a Human Fighter on Sept 18, 2022.
             Slain by a gnoll
             ... wielding a +0 whip
              (3 damage)
             ... on level 2 of the Dungeon on Sept 19, 2022.
             The game lasted 00:23:32 (1713 turns).

TemplarDane the Covered (Human Fighter)             Turns: 1713, Time: 00:23:32

Health: 0/35       AC:  8    Str: 19    XL:     4   Next: 37%
Magic:  4/4        EV:  9    Int:  8    God:
Gold:   116        SH:  4    Dex: 12    Spells: 3/3 levels left

rFire   . . .      SeeInvis .   a - +0 long sword
rCold   . . .      Faith    .   c - +0 buckler
rNeg    . . .      Spirit   .   b - +0 scale mail
rPois   .          Reflect  .   (no helmet)
rElec   .          Harm     .   e - +0 cloak
rCorr   .          Rampage  .   (no gloves)
Will    +....                   (no boots)
Stlth   ..........              (no amulet)
HPRegen 0.11/turn               g - ring of willpower
MPRegen 0.09/turn               (no ring)

@: no status effects
A: no striking features
a: no special abilities


You were on level 2 of the Dungeon.
You visited 1 branch of the dungeon, and saw 3 of its levels.

You collected 116 gold pieces.

Inventory:

Hand Weapons
 a - a +0 long sword (weapon)
 h - a +0 long sword
 k - a +0 dagger
 s - a +1 dagger of venom
Armour
 b - a +0 scale mail (worn)
 c - a +0 buckler (worn)
 e - a +0 cloak (worn)
 o - the +1 robe "Rumini" {rCorr Str+3 Int-2 Dex+5}
   (You found it on level 2 of the Dungeon)

   Str:       It affects your strength (+3).
   Int:       It affects your intelligence (-2).
   Dex:       It affects your dexterity (+5).
   rCorr:     It protects you from acid and corrosion.
Magical Staves
 l - a staff of conjuration
Jewellery
 g - a ring of willpower (left hand)
Scrolls
 j - a scroll of enchant weapon {unknown}
 n - a scroll of noise {unknown}
 p - a scroll of amnesia {unknown}
 q - a scroll of identify {unknown}
 r - a scroll of poison {unknown}
 t - a scroll of fog {unknown}
Potions
 d - a potion of might
 f - a potion of mutation {unknown}
 i - a potion of curing {unknown}
 m - a potion of attraction {unknown}


   Skills:
 + Level 3.4 Fighting
 + Level 3.0 Long Blades
 + Level 3.4 Armour
 + Level 0.3 Dodging
 + Level 3.3 Shields


You had 3 spell levels left.
You didn't know any spells.
Your spell library contained the following spells:

 Spells                   Type           Power      Damage    Failure   Level
 Chain Lightning          Conj/Air       0%         N/A       100%        9
 Fire Storm               Conj/Fire      0%         5d1       100%        9
 Shatter                  Erth           0%         3d5*      100%        9


Dungeon Overview and Level Annotations

Branches:
Dungeon (3/15)

Altars:


Message History

You see here 2 stones.
You see here a +0 whip.
You see here a +0 dagger.
A gnoll comes into view. It is wielding a +0 whip.
A gnoll comes into view. It is wielding a +0 club.
The gnoll completely misses you.
You closely miss the gnoll. The gnoll hits you but does no damage.
You hit the gnoll but do no damage. The gnoll hits you with a +0 whip.
You barely miss the gnoll. You hit the gnoll.
The gnoll is lightly wounded.
The gnoll hits you with a +0 club.
You barely miss the gnoll.
The gnoll is lightly wounded.
The gnoll closely misses you.
You hit the gnoll.
The gnoll is moderately wounded.
You block the gnoll's attack.
You slash the gnoll!
The gnoll is almost dead.
You block the gnoll's attack. The gnoll hits you with a +0 club.
You closely miss the gnoll.
The gnoll is almost dead.
The gnoll hits you with a +0 club.
You slash the gnoll!
You kill the gnoll!
Your Long Blades skill increases to level 3!
You barely miss the gnoll. The gnoll hits you with a +0 whip. x2
* * * LOW HITPOINT WARNING * * *
You completely miss the gnoll. The gnoll barely misses you.
You hit the gnoll.
The gnoll is lightly wounded.
The gnoll hits you with a +0 whip.
* * * LOW HITPOINT WARNING * * *
You slash the gnoll!
The gnoll is almost dead.
The gnoll hits you with a +0 whip.
* * * LOW HITPOINT WARNING * * *
The gnoll hits you with a +0 whip.
You die...

.# ### #.# #.# .#
#.###.# .# #.)##.#
.# ##.##.# #.##.####
#..#....# #
##...###.# .####
...########.....##.#
.....
#.....g@....)....#.#
.##.#
#.#########.....##.#
.#
##########...###.#
.#
.................#
.##
#######....#######
..# #.##.# ..#
#.##.# ..# #######
#.##.# ..# #.....#
#.##.#


You could see a gnoll.

Vanquished Creatures
  A gnoll (D:2)
  An adder (D:2)
  2 dart slugs
  7 ball pythons
  3 bats
  6 endoplasms
  3 giant cockroaches
  4 hobgoblins
  4 kobolds
  A quokka (D:1)
  2 frilled lizards
  3 goblins
  2 rats
39 creatures vanquished.

Notes
Turn   | Place    | Note
-------+----------+-------------------------------------------
     0 | D:1      | TemplarDane the Human Fighter began the quest for the Orb.
     0 | D:1      | Reached XP level 1. HP: 18/18 MP: 1/1
   144 | D:1      | Reached XP level 2. HP: 24/24 MP: 2/2
   498 | D:1      | Reached XP level 3. HP: 20/29 MP: 3/3
  1073 | D:2      | You fall into a shaft and drop 1 floor!
  1240 | D:2      | Identified the +1 robe "Rumini" {rCorr Str+3 Int-2 Dex+5}
  1301 | D:2      | Reached XP level 4. HP: 32/35 MP: 4/4
  1485 | D:2      | Found a faded altar of an unknown god.
  1713 | D:2      | Slain by a gnoll

Illustrated notes

Levels and vault maps discovered:
D:1:      sevenhm_arrival_forest_fort_large_2, layout_loops_cross
D:2:      layout_loops_ring, ebering_ecumenical_altar_sacrificial
D:3:      layout_basic, grunt_ministairs_6, uniq_grinder

Skill      XL: |  1  2  3  4 |
---------------+-------------+-----
Long Blades    | 3 |  3.0
Fighting       | |  3.4
Armour         | |  3.4
Dodging        | |  0.3
Shields        | |  3.3

Action                   |  1- 3 |  4- 6 || total
-------------------------+-------+-------++-------
Melee: Long sword        |   118 |    30 ||   148
Armor: Scale mail        |    52 |     6 ||    58
Dodge: Dodged            |    55 |    13 ||    68
Block: Buckler           |    26 |     5 ||    31
